Map: Dusk Towers

Players

MarineLorD - Winner!

  • Race: Terran Terran
  • League: Grandmaster

Nerchio

  • Race: Zerg Zerg
  • League: Grandmaster

Event: 2016 WCS Winter Challenger Europe

VOD

Have the link to the VOD?

Description

Time

  • Played on: Feb. 13, 2016, 1:47 p.m.
  • Length: 20:03

All games in this series

Show
View Real Time Build Order
Export as new Build Order

MarineLorD Terran - Winner!

Build Orders: Liberator Opening, Reaper Expand, MMM Bio 

Get SALT Encoding   

  12  0:00  SCV  
  13  0:12  SCV  
  14  0:16  Supply Depot  
  14  0:24  SCV  
  15  0:38  SCV  
  15  0:39  Barracks  
  16  0:43  Refinery  
  16  0:50  SCV  
  17  1:02  SCV  
  18  1:14  SCV  
  19  1:26  Reaper  
  19  1:27  Orbital Command  
  20  1:39  Command Center  
  20  1:48  Supply Depot  
  20  1:52  SCV  
  21  1:58  Marine  
  22  2:04  SCV  
  23  2:11  Refinery  
  23  2:12  Factory  
  23  2:16  SCV  
  23  2:20  Barracks Reactor  
  24  2:28  SCV  
  25  2:40  SCV  
  26  2:51  Orbital Command  
  26  2:52  SCV  
  26  2:53  Refinery  
  27  3:01  Starport  
  27  3:04  Hellion x2  
  31  3:06  SCV  
  31  3:07  Barracks Tech Lab  
  32  3:18  SCV  
  33  3:24  SCV  
  33  3:25  Hellion x2  
  37  3:28  Supply Depot  
  37  3:30  SCV  
  38  3:36  SCV  
  38  3:39  Fusion Core  
  39  3:42  Marine  
  39  3:45  Liberator  
  39  3:46  SCV  
  39  3:48  SCV  
  42  3:58  SCV, Hellion x2  
  43  4:05  Barracks Tech Lab  
  43  4:07  SCV  
  47  4:10  SCV  
  47  4:12  Supply Depot  
  48  4:20  SCV  
  48  4:22  SCV  
  50  4:25  Advanced Ballistics  
  50  4:26  Marine  
  50  4:28  Supply Depot, Liberator  
  51  4:32  Supply Depot, SCV  
  51  4:34  SCV  
  53  4:44  SCV, Marine  
  55  4:46  SCV, Stimpack  
  55  4:52  Supply Depot  
  59  4:56  Factory Reactor, SCV  
  59  4:58  SCV  
  61  5:05  Command Center  
  61  5:10  SCV x2  
  61  5:11  Liberator  
  61  5:12  Marine  
  64  5:22  SCV  
  64  5:23  SCV  
  64  5:27  Refinery  
  66  5:30  Marine  
  66  5:35  SCV x2  
  72  5:39  Barracks x2  
  72  5:42  Factory Tech Lab  
  72  5:47  SCV x2  
  74  5:52  Engineering Bay  
  74  5:53  Engineering Bay, Marine  
  75  5:59  SCV x2  
  71  6:08  Barracks  
  71  6:10  Barracks  
  71  6:11  SCV x2, Marine  
  71  6:15  Siege Tank  
  71  6:18  SCV  
  76  6:23  SCV x2  
  76  6:24  Terran Infantry Weapons Level 1  
  78  6:28  Starport Reactor  
  78  6:29  Marine  
  78  6:30  Orbital Command  
  79  6:33  Marine x2  
  79  6:34  Marine x2  
  79  6:35  SCV x2  
  82  6:47  SCV x2, Marine  
  82  6:48  Siege Tank  
  82  6:50  Missile Turret  
  82  6:51  Marine x2  
  82  6:52  Missile Turret  
  82  6:54  Missile Turret, Terran Infantry Armor Level 1  
  87  6:56  Liberator  
  87  6:59  Barracks Reactor, Liberator, SCV x2, Marine  
  87  7:05  Missile Turret  
  87  7:06  Marine  
  87  7:07  Orbital Command, Marine x2  
  90  7:11  SCV x2  
  95  7:19  Marine x2  
  100  7:24  SCV  
  100  7:25  Supply Depot  
  100  7:27  Supply Depot  
  101  7:36  Armory  
  101  7:39  Refinery  
  101  7:42  Supply Depot  
  101  7:45  Supply Depot  
  101  7:46  Refinery, Combat Shields  
  101  7:47  Marine x4  
  101  7:48  Marine x3  
  108  7:56  Medivac, Marine  
  111  7:59  Medivac  
  111  8:05  Marauder x2, Marine x3  
  119  8:06  Marine x2  
  119  8:11  Factory, Supply Depot x2  
  122  8:13  Supply Depot  
  122  8:14  Marine  
  122  8:16  Bunker  
  122  8:19  Supply Depot  
  123  8:21  Supply Depot  
  123  8:22  Siege Tank  
  123  8:26  Marauder, Medivac  
  130  8:29  Medivac, Marine  
  130  8:32  Marine x4  
  139  8:35  Terran Infantry Weapons Level 2, Terran Vehicle Weapons Level 1  
  139  8:40  Marauder, Marine  
  140  8:47  Marine x2  
  142  8:50  Marine x3  
  142  8:52  Terran Infantry Armor Level 2  
  142  8:53  Marine  
  146  8:58  Siege Tank  
  146  9:01  Marine  
  146  9:02  Marauder  
  152  9:07  Factory Tech Lab, Marauder  
  154  9:14  Command Center  
  154  9:15  Medivac  
  156  9:20  Medivac  
  156  9:22  Marine x3  
  156  9:23  Marauder, Marine  
  164  9:24  Marine  
  164  9:29  Siege Tank  
  168  9:34  Marine  
  168  9:35  Marauder  
  171  9:40  Marine  
  171  9:43  Supply Depot  
  171  9:44  Siege Tank  
  173  9:46  Medivac, Marine  
  176  9:56  Marine x2  
  176  9:58  Marine  
  181  10:02  Supply Depot  
  181  10:03  Supply Depot  
  181  10:04  Marine x2  
  181  10:06  Supply Depot  
  181  10:12  Barracks  
  181  10:13  Barracks  
  181  10:14  Barracks  
  181  10:16  Ghost Academy  
  177  10:28  Command Center  
  175  10:39  Marauder x2, Marine x5  
  175  10:40  Missile Turret, Marine  
  185  10:47  Siege Tank  
  151  10:59  Marine  
  151  11:00  Marine  
  151  11:01  Marauder x2  
  151  11:03  Marine  
  143  11:04  Marine x2  
  143  11:08  Planetary Fortress  
  142  11:21  Barracks Tech Lab x3  
  142  11:23  Medivac x2  
  155  11:26  Thor  
  155  11:30  Terran Vehicle Weapons Level 2, Terran Infantry Weapons Level 3, Terran Infantry Armor Level 3  
  148  11:36  Sensor Tower  
  148  11:38  Thor  
  154  11:44  Ghost x2  
  158  11:49  Ghost  
  158  11:52  Ghost  
  162  11:56  Liberator x2  
  162  11:58  Ghost  
  164  12:05  Refinery x2  
  164  12:09  Marine x4  
  164  12:10  Marine x2  
  173  12:23  Command Center  
  173  12:26  Ghost  
  175  12:30  Ghost  
  161  12:39  Ghost  
  122  12:45  Ghost  
  122  12:46  Ghost  
  113  12:53  Marine  
  113  12:55  Ghost, Marine  
  107  12:58  Marine  
  107  12:59  Marauder  
  107  13:00  Marine  
  107  13:04  Marine  
  112  13:08  Marauder  
  110  13:13  Marine  
  110  13:14  Marine  
  110  13:16  Thor  
  110  13:17  Marine  
  110  13:19  Marine  
  113  13:20  Marine  
  113  13:25  Marauder, Marine  
  115  13:32  Marauder  
  115  13:33  Marine x2  
  118  13:34  Medivac  
  118  13:38  Medivac  
  122  13:46  Marauder x3  
  122  13:47  Liberator, Marine x2  
  130  13:50  Marine x2  
  130  13:51  Liberator  
  132  13:56  Marauder, Marine  
  132  13:57  Marine  
  132  14:00  Marine  
  143  14:10  Marine  
  143  14:11  Marine  
  147  14:19  Marauder x2, Marine x2  
  147  14:23  Planetary Fortress  
  151  14:28  Marauder, Marine  
  151  14:29  Marauder, Marine  
  151  14:30  Marine  
  158  14:32  Terran Vehicle And Ship Armor Level 1  
  158  14:34  Marauder  
  160  14:40  Thor  
  160  14:44  Marine x3  
  168  14:47  Marine x2  
  168  14:49  Viking  
  172  14:55  Viking, Starport  
  172  14:59  Missile Turret  
  174  15:02  Marauder, Marine  
  174  15:04  Marine x3  
  180  15:11  Liberator x2  
  165  15:16  Marauder, Marine  
  130  15:26  Marauder, Marine x4  
  136  15:30  Marine  
  136  15:31  Marauder  
  136  15:33  Marauder  
  147  15:38  Starport Reactor  
  147  15:43  Command Center  
  147  15:48  Marauder  
  147  15:49  Marine  
  149  15:50  Marine  
  151  15:57  Ghost  
  151  15:59  Marine x2  
  151  16:01  Marauder  
  151  16:02  Marine  
  151  16:03  Marauder, Marine  
  161  16:11  Viking x2  
  161  16:15  Viking  
  161  16:16  Viking  
  169  16:19  Ghost  
  169  16:23  Ghost  
  173  16:28  Ghost  
  175  16:41  Viking x2  
  175  16:43  Ghost, Terran Ship Weapons Level 1  
  175  16:45  Viking  
  183  16:49  Viking  
  185  17:01  Command Center  
  185  17:11  Viking  
  185  17:15  Marauder, Marine x3  
  190  17:17  Marauder  
  190  17:22  Marauder x2  
  198  17:24  Viking  
  199  17:46  Command Center  
  199  17:47  Command Center  
  148  18:15  Marauder x2, Marine  
  148  18:19  Marauder, Marine x2  
  127  18:21  Marauder, Marine  
  127  18:24  Marauder, Marine x2  
  127  18:25  Liberator  
  127  18:26  Liberator  
  120  18:31  Orbital Command  
  120  18:33  Planetary Fortress, Marine  
  121  18:37  Marauder x2, Marine x2  
  121  18:41  Marauder  
  135  18:49  Thor x2  
  135  18:52  Medivac  
  149  18:56  Marauder  
  149  19:00  Marauder  
  149  19:01  Marauder, Missile Turret x2  
  150  19:05  Marauder, Marine  
  145  19:10  Marine x2  
  145  19:11  Marauder  
  145  19:17  Marauder  
  147  19:30  Marauder  
  149  19:33  Ghost x3  
Show
View Real Time Build Order
Export as new Build Order

Nerchio Zerg 

Build Orders: Hatch First 

Get SALT Encoding   

  12  0:00  Drone  
  13  0:12  Overlord  
  13  0:17  Drone  
  14  0:31  Drone x2  
  14  0:34  Drone  
  17  0:52  Hatchery  
  17  0:55  Drone  
  17  0:59  Drone  
  17  1:03  Extractor  
  17  1:14  Spawning Pool  
  17  1:18  Drone  
  17  1:21  Drone  
  18  1:28  Drone  
  19  1:38  Overlord  
  19  1:49  Drone  
  20  2:02  Queen  
  20  2:03  Zergling x2  
  20  2:04  Queen  
  20  2:06  Metabolic Boost  
  25  2:11  Zergling x2  
  25  2:14  Zergling x2  
  27  2:16  Drone  
  27  2:22  Drone  
  29  2:25  Drone  
  30  2:32  Drone  
  31  2:38  Drone  
  31  2:45  Drone  
  31  2:49  Drone  
  33  2:54  Overlord  
  33  2:57  Hatchery  
  33  2:58  Drone  
  33  3:04  Drone  
  34  3:10  Drone  
  34  3:12  Drone x2  
  37  3:13  Drone x4  
  37  3:19  Overlord  
  41  3:24  Drone  
  42  3:27  Extractor  
  42  3:28  Roach Warren  
  42  3:30  Overlord  
  42  3:33  Drone  
  41  3:42  Zergling x4  
  41  3:43  Drone x3  
  41  3:46  Drone x2  
  48  3:52  Drone x2  
  46  3:57  Drone  
  46  4:02  Lair  
  46  4:03  Drone  
  46  4:05  Extractor  
  46  4:07  Extractor  
  46  4:08  Queen  
  47  4:10  Drone  
  47  4:15  Drone  
  47  4:16  Spore Crawler  
  47  4:17  Drone  
  49  4:18  Drone  
  49  4:20  Drone  
  49  4:22  Drone  
  49  4:23  Drone  
  52  4:27  Drone  
  52  4:29  Roach  
  55  4:31  Roach  
  55  4:34  Roach  
  55  4:36  Zergling x2  
  60  4:39  Zergling x2  
  60  4:40  Zergling x2  
  60  4:43  Overlord  
  62  4:47  Overlord  
  62  4:53  Drone x3  
  62  4:57  Overlord  
  65  5:03  Ravager x3  
  65  5:06  Spire, Drone  
  68  5:07  Drone  
  68  5:11  Drone x2  
  71  5:14  Drone x2  
  71  5:16  Drone  
  74  5:21  Drone x2  
  74  5:22  Drone x2  
  74  5:23  Drone  
  74  5:25  Drone  
  80  5:28  Overlord  
  80  5:32  Overlord  
  80  5:34  Overlord  
  80  5:38  Overlord, Extractor  
  80  5:41  Extractor  
  75  6:03  Drone x2  
  72  6:17  Mutalisk x8  
  88  6:21  Drone x2  
  90  6:31  Drone  
  90  6:32  Drone  
  90  6:35  Drone  
  90  6:36  Drone  
  90  6:38  Drone  
  93  6:41  Drone  
  93  6:46  Drone  
  96  6:47  Drone x2  
  96  6:48  Drone  
  96  6:52  Drone x2  
  99  6:54  Drone x2  
  100  7:05  Drone x2, Infestation Pit  
  100  7:07  Evolution Chamber  
  100  7:09  Evolution Chamber, Queen  
  100  7:12  Glial Reconstitution  
  101  7:17  Overlord  
  101  7:18  Overlord  
  101  7:29  Overlord  
  101  7:32  Roach x2  
  107  7:37  Roach x4  
  107  7:42  Overlord, Drone x2  
  115  7:44  Overlord  
  115  7:47  Zerg Missile Weapons Level 1  
  115  7:49  Hatchery  
  115  7:50  Zerg Ground Armor Level 1  
  114  7:54  Roach x2  
  114  7:55  Infestor  
  114  7:57  Overlord  
  120  7:59  Infestor  
  120  8:02  Roach  
  120  8:03  Roach  
  126  8:07  Roach x2  
  126  8:11  Roach x2  
  126  8:12  Roach  
  136  8:15  Roach  
  136  8:16  Roach  
  136  8:17  Roach  
  142  8:20  Ravager x5  
  142  8:21  Ravager  
  142  8:25  Roach  
  142  8:26  Roach  
  152  8:29  Overlord x2  
  152  8:31  Overlord  
  152  8:34  Overlord  
  152  8:39  Hive  
  152  8:44  Pathogen Glands  
  152  8:48  Roach x3  
  158  8:49  Roach  
  158  8:51  Roach  
  158  8:54  Roach x2  
  166  8:58  Roach x2  
  170  9:05  Overlord  
  170  9:06  Overlord  
  169  9:15  Overlord  
  169  9:19  Drone x6  
  169  9:21  Extractor  
  169  9:22  Extractor  
  169  9:24  Roach x2  
  169  9:25  Overlord, Roach x2  
  169  9:26  Infestor  
  179  9:32  Roach x2  
  179  9:34  Roach x3  
  179  9:35  Roach  
  191  9:54  Zerg Melee Weapons Level 1, Zerg Ground Armor Level 2  
  191  9:59  Drone x4  
  195  10:00  Hatchery, Ultralisk Cavern  
  195  10:03  Spore Crawler  
  195  10:06  Pneumatized Carapace  
  190  10:29  Spine Crawler  
  190  10:32  Spine Crawler  
  188  10:46  Chitinous Plating  
  188  10:47  Baneling Nest  
  147  10:59  Ultralisk  
  147  11:00  Ultralisk x5  
  150  11:04  Ultralisk  
  150  11:12  Ultralisk  
  156  11:21  Corruptor x2  
  160  11:26  Overlord  
  160  11:27  Corruptor  
  160  11:32  Corruptor  
  162  11:38  Corruptor  
  166  11:41  Corruptor  
  166  11:45  Corruptor  
  169  11:50  Corruptor  
  171  11:54  Zergling x2  
  171  11:55  Zergling x18  
  171  11:56  Extractor  
  171  11:59  Corruptor  
  182  12:02  Corruptor  
  182  12:05  Drone x2  
  186  12:08  Corruptor  
  186  12:13  Corruptor  
  186  12:15  Zergling x4  
  191  12:17  Zergling x2  
  193  12:25  Zerg Ground Armor Level 3  
  193  12:27  Zergling x2  
  193  12:28  Zergling x2  
  193  12:33  Zergling x8  
  193  12:35  Zergling x2  
  173  12:39  Zergling x6  
  173  12:41  Zergling x2  
  173  12:42  Zergling x4  
  173  12:44  Zergling x2  
  160  12:51  Zergling x10  
  145  12:59  Ultralisk  
  139  13:10  Zergling x2  
  139  13:11  Zergling x12  
  144  13:19  Ultralisk  
  150  13:23  Ultralisk  
  152  13:31  Ultralisk  
  152  13:33  Infestor  
  157  13:36  Infestor  
  157  13:39  Infestor  
  161  13:43  Infestor  
  161  13:46  Greater Spire  
  163  13:56  Ultralisk  
  163  14:02  Ultralisk  
  175  14:05  Overseer  
  175  14:06  Overseer  
  175  14:12  Ultralisk  
  181  14:19  Ultralisk  
  187  14:29  Zergling x2  
  187  14:30  Zergling x16  
  196  14:31  Overseer  
  196  14:34  Centrifical Hooks  
  196  14:44  Zergling x2  
  196  14:45  Zerg Melee Weapons Level 2, Zergling x4  
  199  14:50  Adrenal Glands  
  167  15:15  Zergling x14  
  167  15:17  Zergling x18  
  167  15:19  Ultralisk  
  143  15:21  Infestor x2  
  143  15:22  Infestor  
  146  15:30  Ultralisk  
  146  15:33  Zergling x2  
  146  15:34  Zergling x2  
  154  15:40  Brood Lord  
  154  15:41  Brood Lord  
  158  15:47  Brood Lord  
  158  15:48  Brood Lord  
  162  15:52  Brood Lord  
  164  15:57  Brood Lord  
  164  16:02  Drone x3  
  169  16:04  Overseer  
  169  16:05  Extractor  
  169  16:06  Corruptor  
  169  16:09  Infestor  
  178  16:18  Ultralisk  
  178  16:29  Ultralisk  
  178  16:32  Drone  
  185  16:38  Corruptor  
  187  16:43  Hatchery  
  186  16:49  Ultralisk  
  192  16:54  Corruptor  
  192  16:55  Corruptor  
  192  16:56  Corruptor  
  192  16:59  Zerg Flyer Weapons Level 1  
  196  17:37  Baneling  
  196  17:38  Baneling x25  
  196  18:00  Overseer, Extractor  
  196  18:02  Overseer  
  185  18:12  Ultralisk x4  
  164  18:16  Zergling x18  
  164  18:17  Zergling x16  
  143  18:20  Zergling x6  
  143  18:21  Zergling x2  
  135  18:29  Corruptor x2, Extractor  
  122  18:42  Corruptor  
  122  18:43  Extractor  
  123  18:50  Corruptor  
  125  18:57  Corruptor  
  124  19:03  Corruptor  
  124  19:07  Queen x3  
  118  19:21  Zergling x4  
  118  19:22  Zergling x14  
  118  19:23  Zergling x2  
  128  19:25  Viper  
  128  19:27  Hatchery  
  128  19:30  Viper  
  131  19:32  Zergling x10  
  131  19:33  Zergling x6  
  131  19:38  Zergling x10  
Tags
 
Add a new tag
Caveats
  • Supply blocks, unpowered buildings, or Contaminate may cause inaccurate times.
  • Supply counts are checked every 10 seconds.